 Dungeon Crawl Stone Soup version 0.21-a0-521-g1cd18d1 (webtiles) character file.

12466 slep the Cleaver (level 11, -1/84 HPs)
             Began as a Demonspawn Fighter on Dec 6, 2017.
             Was a High Priest of Okawaru.
             Slain by a five-headed hydra (7 damage)
             ... on level 12 of the Dungeon.
             The game lasted 00:53:39 (9792 turns).

slep the Cleaver (Demonspawn Fighter)               Turns: 9792, Time: 00:53:44

Health: -1/84      AC: 16    Str: 18    XL:     11   Next: 62%
Magic:  11/11      EV: 10    Int: 10    God:    Okawaru [*****.]
Gold:   628        SH: 12    Dex: 18    Spells: 10/10 levels left

rFire    + + +     SeeInvis .   t - +2 morningstar (venom)
rCold    . . .     Gourm    +   g - +2 shield {AC+3}
rNeg     . . .     Faith    .   q - +0 fire dragon scales
rPois    .         Spirit   .   D - +0 helmet
rElec    .         Reflect  .   A - scarf {rC+ rF+}
rCorr    .         Harm     .   J - +0 pair of gloves
MR       +....                  (no boots)
Stlth    +.........             V - amulet of the gourmand
HPRegen  0.24/turn              b - ring of protection from magic
MPRegen  0.12/turn              (no ring)

@: about to teleport, drained
A: claws 1, thin skeletal structure 2, powered by death 2, spiny 1
a: Heroism, Finesse, Renounce Religion


You were on level 12 of the Dungeon.
You worshipped Okawaru.
Okawaru was extremely pleased with you.
You were completely stuffed.

You visited 2 branches of the dungeon, and saw 13 of its levels.

You collected 756 gold pieces.
You spent 128 gold pieces at shops.

Inventory:

Hand Weapons
 t - a +2 morningstar of venom (weapon)
 w - a +1 vampiric battleaxe
Missiles
 s - 65 sling bullets
 G - 3 tomahawks of dispersal
 L - 4 silver javelins
 T - 10 curare-tipped needles
 W - a throwing net (quivered)
Armour
 c - a +0 shield
 g - a +2 shield of protection (worn)
 q - +0 fire dragon scales (worn)
 A - a scarf of resistance (worn)
 D - a +0 helmet (worn)
 J - a +0 pair of gloves (worn)
Jewellery
 b - a ring of protection from magic (left hand)
 i - an uncursed ring of ice
 V - an amulet of the gourmand (around neck)
Wands
 a - a wand of acid (7)
 m - a wand of flame (42)
 z - a wand of random effects (57)
 K - a wand of iceblast (6)
 P - a wand of enslavement (15)
 Z - a wand of polymorph (24)
Scrolls
 e - 5 scrolls of identify
 j - 13 scrolls of remove curse
 n - 4 scrolls of enchant weapon {unknown}
 o - 8 scrolls of magic mapping {unknown}
 r - a scroll of amnesia
 v - 2 scrolls of blinking
 y - 8 scrolls of teleportation
 F - 3 scrolls of fear
 X - a scroll of holy word
Potions
 d - a potion of might
 h - 8 potions of curing
 k - 3 potions of agility
 p - 4 potions of haste
 B - 5 potions of flight
 C - 2 potions of ambrosia
 E - 3 potions of lignification
 H - 2 potions of magic
 M - 2 potions of invisibility
 O - 2 potions of mutation
 R - 4 potions of brilliance
 S - a potion of berserk rage
 Y - 2 potions of resistance
Books
 I - a book of Minor Magic

   Spells                             Type                      Level
   a - Magic Dart                     Conjuration                  1
   b - Blink                          Translocation                2
   c - Call Imp                       Summoning                    2
   d - Slow                           Hexes                        2
   e - Conjure Flame                  Conjuration/Fire             3
   f - Mephitic Cloud                 Conjuration/Poison/Air       3
Comestibles
 f - 6 bread rations
 l - 7 meat rations
 u - 11 fruits
 x - 6 royal jellies
 N - a mutagenic chunk of flesh


   Skills:
 + Level 7.6(7.1) Fighting
 + Level 11.6(11.1) Axes
 + Level 0.3(6.9) Maces & Flails
 + Level 1.7(1.3) Throwing
 + Level 7.6(7.2) Armour
 + Level 5.3(4.8) Dodging
 + Level 1.1(0.7) Stealth
 + Level 6.5(6.0) Shields


You had 10 spell levels left.
You didn't know any spells.

Dungeon Overview and Level Annotations

Branches:
Dungeon (12/15)            Temple (1/1) D:5            Lair (0/6) D:11
    Orc (0/2) D:11

Altars:
Ashenzari
Cheibriados
Dithmenos
Elyvilon
Fedhas
Gozag
Kikubaaqudgha
Makhleb
Nemelex Xobeh
Okawaru
Qazlal
Ru
Sif Muna
Trog
Uskayaw
Vehumet
Wu Jian
Xom
Yredelemnul
Zin
The Shining One

Shops:
D:4 *   D:5 ?   D:7 *


Innate Abilities, Weirdness & Mutations

You have sharp fingernails.
You have a moderately thin skeletal structure. (Dex +4, Stealth+)
You regenerate health from kills.
You are partially covered in sharp spines.


Message History

You block the five-headed hydra's attack.
The five-headed hydra bites you but does no damage.
The vampire hits you.
* * * LOW HITPOINT WARNING * * *
The vampire bites you but does no damage.
You block the five-headed hydra's attack.
The five-headed hydra completely misses you.
The five-headed hydra barely misses you.
You block the five-headed hydra's attack.
The five-headed hydra bites you!
* * * LOW HITPOINT WARNING * * *
Unknown command.
As you read the scroll of teleportation, it crumbles to dust.
You feel strangely unstable. The vampire barely misses you.
You block the vampire's attack.
The five-headed hydra is struck by your spines.
The five-headed hydra bites you but does no damage.
You block the five-headed hydra's attack.
The five-headed hydra bites you!
You die...

..#.#...#
#####
#.#.#...#
#.#.#...#
#.#.#...#
#.#.#...#
#.#.#..#
#h#.#..#
#D#.#..#
#@#.#..#
#.cOV.#.#..#
...######.#..#
..#..# ###


You could see a five-headed hydra, a centaur warrior, a two-headed ogre, a
vampire and a hound.

Vanquished Creatures
  The ghost of slep the Cleaver, a journeyman VSMo of Okawaru (D:11)
  4 two-headed ogres
  An unseen horror (D:10)
  An ugly thing (D:12)
  A centaur skeleton (D:10)
  A troll (D:10)
  A hippogriff (D:7)
  The ghost of solxrula the Cudgeler, an amateur TrBe of Trog (D:4)
  A wyvern (D:11)
  12 yaks
  A human (D:7)
  4 hogs (D:7)
  A steam dragon (D:11)
  Duvessa (D:7)
  A water moccasin (D:8)
  4 orc warriors
  2 sky beasts
  2 ice beasts
  A phantom (D:8)
  4 ogres
  4 centaurs
  3 crocodiles (D:11)
  A big kobold (D:10)
  8 bullfrogs
  2 gnoll sergeants
  Dowan (D:7)
  7 wights
  A howler monkey (D:5)
  5 crimson imps
  A quasit (D:8)
  7 hounds
  A bullfrog zombie (D:10)
  6 jellies
  7 orc priests
  3 bullfrog skeletons (D:4)
  13 orc wizards
  An iguana (D:4)
  2 worker ants
  A worker ant zombie (D:7)
  Robin (D:3)
  24 gnolls
  A howler monkey skeleton (D:5)
  11 adders
  2 shadow imps
  An adder zombie (D:5)
  5 worms
  A dart slug (D:3)
  7 leopard geckos
  50 orcs
  4 giant cockroaches
  16 goblins
  8 hobgoblins
  6 jackals
  7 kobolds
  2 quokkas
  3 ball pythons
  8 bats
  5 frilled lizards
  A jackal zombie (D:6)
  A leopard gecko skeleton (D:7)
  A quokka zombie (D:5)
  4 rats
288 creatures vanquished.

Notes
Turn   | Place    | Note
-------+----------+-------------------------------------------
     0 | D:1      | slep the Demonspawn Fighter began the quest for the Orb.
     0 | D:1      | Reached XP level 1. HP: 18/18 MP: 1/1
    64 | D:1      | Gained mutation: You regenerate a little health from kills. [demonic ancestry]
    64 | D:1      | Reached XP level 2. HP: 13/24 MP: 2/2
   900 | D:2      | Reached skill level 2 in Axes
   900 | D:2      | Gained mutation: You have a somewhat thin skeletal structure. (Dex +2, Stealth) [demonic ancestry]
   900 | D:2      | Reached XP level 3. HP: 24/29 MP: 3/3
  1167 | D:2      | Reached XP level 4. HP: 34/36 MP: 4/4
  1249 | D:2      | Found a burning altar of Makhleb.
  1303 | D:2      | Found a glowing golden altar of the Shining One.
  1514 | D:2      | Found a radiant altar of Vehumet.
  1524 | D:2      | Found a hide-covered altar of Uskayaw.
  1527 | D:2      | Found a shimmering altar of Xom.
  1686 | D:2      | Reached skill level 3 in Axes
  1686 | D:2      | Gained mutation: You have sharp fingernails. [demonic ancestry]
  1686 | D:2      | Reached XP level 5. HP: 34/42 MP: 5/5
  2039 | D:3      | Found a bloodstained altar of Trog.
  2049 | D:3      | Gained mutation: You regenerate health from kills. [demonic ancestry]
  2049 | D:3      | Reached XP level 6. HP: 38/48 MP: 6/6
  2372 | D:4      | Reached skill level 4 in Axes
  2525 | D:4      | Noticed solxrula's ghost (amateur TrBe)
  2674 | D:3      | Noticed Robin
  2702 | D:3      | Killed Robin
  2857 | D:4      | Found Vydis's Assorted Antiques.
  2863 | D:4      | Bought a scroll labeled JUOTYNURPHI for 33 gold pieces
  2863 | D:4      | Bought a scroll labeled HECAR ZOEBA for 33 gold pieces
  2863 | D:4      | Bought a white potion for 29 gold pieces
  2933 | D:4      | Reached skill level 1 in Dodging
  2933 | D:4      | Gained mutation: You have a moderately thin skeletal structure. (Dex +4, Stealth+) [demonic ancestry]
  2933 | D:4      | Reached XP level 7. HP: 41/54 MP: 7/7
  2940 | D:4      | Found a snail-covered altar of Cheibriados.
  3124 | D:5      | Entered Level 5 of the Dungeon
  3173 | D:5      | Reached skill level 5 in Axes
  3312 | D:5      | Found an ornate altar of the Wu Jian Council.
  3388 | D:5      | Found Mudutt's Magic Scroll Shop.
  3402 | D:5      | Bought a scroll of teleportation for 33 gold pieces
  3473 | D:5      | Reached XP level 8. HP: 56/61 MP: 8/8
  3664 | D:5      | Found a staircase to the Ecumenical Temple.
  3669 | Temple   | Entered the Ecumenical Temple
  3691 | Temple   | Became a worshipper of Warmaster Okawaru
  4238 | D:4      | Found a sparkling altar of Nemelex Xobeh.
  4470 | D:4      | Killed solxrula's ghost
  4470 | D:4      | Reached skill level 6 in Axes
  4791 | D:6      | Reached skill level 5 in Fighting
  4802 | D:6      | Reached skill level 5 in Shields
  5046 | D:6      | Reached * piety under Okawaru
  5050 | D:6      | Reached skill level 7 in Axes
  5096 | D:6      | Reached skill level 5 in Armour
  5536 | D:7      | Gained mutation: You are partially covered in sharp spines. [demonic ancestry]
  5536 | D:7      | Reached XP level 9. HP: 61/68 MP: 9/9
  5669 | D:7      | Found an ancient bone altar of Kikubaaqudgha.
  5770 | D:7      | Found Iffysopo's General Store.
  5869 | D:7      | Reached ** piety under Okawaru
  5906 | D:7      | Reached skill level 8 in Axes
  5909 | D:7      | Reached skill level 1 in Throwing
  5992 | D:7      | Noticed Duvessa
  5993 | D:7      | Noticed Dowan
  6004 | D:7      | Killed Duvessa
  6007 | D:7      | Killed Dowan
  6563 | D:8      | Reached XP level 10. HP: 45/76 MP: 10/10
  6615 | D:8      | Noticed a two-headed ogre
  6632 | D:8      | Killed a two-headed ogre
  6632 | D:8      | Reached *** piety under Okawaru
  6632 | D:8      | Reached skill level 9 in Axes
  7107 | D:8      | Found a sparkling altar of Nemelex Xobeh.
  7334 | D:9      | Found a shadowy altar of Dithmenos.
  7522 | D:9      | Noticed a two-headed ogre
  7532 | D:9      | Killed a two-headed ogre
  7532 | D:9      | Reached **** piety under Okawaru
  7532 | D:9      | Received a gift from Okawaru
  7532 | D:9      | Reached skill level 10 in Axes
  7551 | D:9      | Found a glowing silver altar of Zin.
  7607 | D:10     | Entered Level 10 of the Dungeon
  7797 | D:10     | Killed an unseen horror
  7960 | D:10     | Reached XP level 11. HP: 75/83 MP: 11/11
  8302 | D:10     | Noticed a two-headed ogre
  8309 | D:10     | Killed a two-headed ogre
  8309 | D:10     | Reached ***** piety under Okawaru
  8853 | D:11     | Noticed slep's ghost (journeyman VSMo)
  8874 | D:11     | Killed slep's ghost
  8874 | D:11     | Received a gift from Okawaru
  8874 | D:11     | Reached skill level 5 in Dodging
  8880 | D:11     | Found a staircase to the Orcish Mines.
  9226 | D:11     | Reached skill level 11 in Axes
  9238 | D:11     | Reached skill level 1 in Stealth
  9491 | D:11     | Noticed a two-headed ogre
  9508 | D:11     | Killed a two-headed ogre
  9508 | D:11     | Received a gift from Okawaru
  9555 | D:11     | Found a staircase to the Lair.
  9770 | D:12     | Noticed a red ugly thing
  9781 | D:12     | Killed a red ugly thing
  9785 | D:12     | Noticed a two-headed ogre
  9786 | D:12     | Noticed a five-headed hydra
  9789 | D:12     | Noticed a centaur warrior
  9792 | D:12     | Slain by a five-headed hydra

Vault maps used:
D:1:      dpeg_arrival_radiant
D:2:      cheibrodos_pilgrimage, lemuel_crystal_altar, minitemple,
          makhleb_heckhound_becter
D:3:      bloody_trog, first_bread, uniq_robin
D:4:      lemuel_crystal_altar, kennysheep_mini_moat, serial_shops, shop
D:5:      lemuel_round_altar, minmay_temple_entry_grid, serial_shops, shop
D:6:      serial_glass, glass_columns_a, glass_columns_b
D:7:      kiku_gazebo_pond_becter, serial_shops, nicolae_shop_waterfront,
          grunt_livestock, uniq_duvessa
D:8:      nemelex_spade_bored_becter
D:9:      nicolae_dithmenos_shadow_blocks, zin_academy
D:10:     st_stairs_14
D:11:     erik_lair_dragon, hiddenorc1_lemuel
D:12:     minmay_distorted_concentric_squares
Temple:   jpeg_temple_clearing

Skill      XL: |  1  2  3  4  5  6  7  8  9 10 11 |
---------------+----------------------------------+-----
Armour         | 3 4 5 6 7 |  7.6
Axes           | 2 3 4 5 7 8 10 11 | 11.6
Shields        | 3 4 5 6 |  6.5
Fighting       | 4 5 6 7 |  7.6
Dodging        | 1 2 4 5 |  5.3
Throwing       | 1 |  1.7
Stealth        | 1 |  1.1
Maces & Flails | |  0.3

Action                   |  1- 3 |  4- 6 |  7- 9 | 10-12 || total
-------------------------+-------+-------+-------+-------++-------
Melee: War axe           |    55 |   236 |   485 |    83 ||   859
       Battleaxe         |       |       |       |   188 ||   188
       Morningstar       |       |       |       |    22 ||    22
Throw: Javelin           |       |       |    11 |     2 ||    13
       Throwing net      |       |       |       |     2 ||     2
  Use: Potion            |       |       |     5 |       ||     5
       Scroll            |       |       |       |    18 ||    18
 Stab: Held in net/web   |       |       |       |     2 ||     2
  Eat: Chunk             |     1 |     6 |    13 |    38 ||    58
Armor: Scale mail        |     4 |       |       |       ||     4
       Fire dragon scale |    21 |   168 |   264 |   143 ||   596
Dodge: Dodged            |    23 |    99 |   154 |   138 ||   414
Block: Shield            |    33 |   137 |   266 |    58 ||   494

Table legend:
 A = Spawn XP
 B = Non-spawn XP
 C = Spawn XP percentage of total XP
 D = Spawn monster count
 E = Non-spawn monster count
 F = Spawn count percentage of total count
 G = Total turns spent on level
                    A         B        C        D         E        F      G
               +---------+---------+-------+---------+---------+-------+---------
         Total |       0 |   17809 |   0.0 |       0 |     288 |   0.0 |  9792
               +---------+---------+-------+---------+---------+-------+---------
           D:1 |       0 |      28 |   0.0 |       0 |       9 |   0.0 |   874
           D:2 |       0 |     304 |   0.0 |       0 |      32 |   0.0 |  1124
           D:3 |       0 |     168 |   0.0 |       0 |      32 |   0.0 |   678
           D:4 |       0 |     546 |   0.0 |       0 |      18 |   0.0 |   855
           D:5 |       0 |     801 |   0.0 |       0 |      42 |   0.0 |  1007
           D:6 |       0 |     873 |   0.0 |       0 |      23 |   0.0 |   906
           D:7 |       0 |    2558 |   0.0 |       0 |      28 |   0.0 |   932
           D:8 |       0 |    2044 |   0.0 |       0 |      22 |   0.0 |   779
           D:9 |       0 |    1477 |   0.0 |       0 |      11 |   0.0 |   379
          D:10 |       0 |    3253 |   0.0 |       0 |      29 |   0.0 |  1018
          D:11 |       0 |    5214 |   0.0 |       0 |      41 |   0.0 |  1112
          D:12 |       0 |     543 |   0.0 |       0 |       1 |   0.0 |    55
               +---------+---------+-------+---------+---------+-------+---------
